 Dungeon Crawl Stone Soup version 0.31-a0-1074-g0b22e4e0f1 (webtiles) character file.

Game seed: 7779656584771722399

802 IdlyInterested the Changeling (level 7, -14/52 HPs)
             Began as a Demonspawn Shapeshifter on Dec 7, 2023.
             Demolished by an ogre
             ... wielding a +0 giant spiked club
              (30 damage)
             ... on level 5 of the Dungeon.
             The game lasted 00:11:36 (3751 turns).

IdlyInterested the Changeling (DsSh)                Turns: 3751, Time: 00:11:37

Health: -14/52     AC: 11    Str: 15    XL:     7   Next: 59%
Magic:  10/10      EV: 11    Int: 11    God:
Gold:   228        SH:  0    Dex: 14    Spells: 6/6 levels left

rFire   . .          .
                       - Unarmed
rCold   . . .        (no shield)
rNeg    . . .        i - +0 ring mail
rPois   .            (helmet currently unavailable)
rElec   .            (cloak currently unavailable)
rCorr   .            (gloves currently unavailable)
SInv    .            (boots currently unavailable)
Will    .....        (no amulet)
Stlth   +            k - +4 ring of protection
HPRegen 0.28/turn    (no ring)
MPRegen 0.24/turn

%: no passive effects
@: beast-form
A: beast (slay +3), slimy green scales 1, powered by pain 1, magic regeneration,
weakness stinger 1
a: Begin Untransformation


You were on level 5 of the Dungeon.
You were a hulking beast.
You visited 1 branch of the dungeon, and saw 5 of its levels.
You also visited: Ossuary.

You collected 228 gold pieces.

Inventory:

Hand Weapons
 f - a +1 dagger of speed
 o - a +0 quarterstaff
 u - a +3 short sword
Missiles
 e - a stone (quivered)
 v - 2 poisoned darts
Armour
 i - a +0 ring mail (worn)
 r - a +0 pair of gloves
Jewellery
 k - a +4 ring of protection (left hand)
Talismans
 c - a beast talisman
 d - a flux talisman
 m - a serpent talisman
Wands
 j - a wand of acid (9)
Scrolls
 a - 2 scrolls of fear
 l - 2 scrolls of butterflies
 p - a scroll of enchant armour
 q - 2 scrolls of brand weapon
 s - 2 scrolls of immolation
 t - a scroll of fog {unknown}
 w - 2 scrolls of poison {unknown}
 y - 2 scrolls of teleportation {unknown}
 z - a scroll of revelation
 C - a scroll of blinking {unknown}
Potions
 b - 2 potions of lignification
 g - 2 potions of attraction
 h - a potion of heal wounds
 n - a potion of might {unknown}
 x - 2 potions of curing
 A - a potion of enlightenment {unknown}
 B - a potion of brilliance {unknown}


   Skills:
 - Level 3.0 Fighting
 + Level 0.5 Throwing
 - Level 3.0 Dodging
 - Level 3.0 Unarmed Combat
 + Level 4.3 Invocations
 * Level 6.0 Shapeshifting


You had 6 spell levels left.
You didn't know any spells.
Your spell library contained the following spells:

 Spells                   Type           Power      Damage    Failure   Level
 Apportation              Tloc           0%         N/A       56%         1
 Necrotise                Necr           0%         1d4       56%         1
 Sandblast                Erth           0%         2d4       56%         1
 Sting                    Tmut/Pois      0%         1d3       56%         1
 Summon Small Mammal      Summ           0%         N/A       56%         1
 Passwall                 Tmut/Erth      0%         N/A       71%         2
 Poisonous Vapours        Pois/Air       0%         N/A       71%         2
 Call Canine Familiar     Summ           0%         N/A       91%         3
 Stone Arrow              Conj/Erth      0%         3d7       91%         3
 Summon Guardian Golem    Hex/Summ       0%         N/A       91%         3
 Animate Armour           Summ/Erth      0%         N/A       100%        4
 Brom's Barrelling Bould  Conj/Erth      0%         2d3       100%        4
 Olgreb's Toxic Radiance  Pois           0%         N/A       100%        4
 Summon Lightning Spire   Summ/Air       0%         N/A       100%        4
 Lee's Rapid Deconstruct  Erth           0%         3d4*      100%        5


Dungeon Overview and Level Annotations

Branches:
Dungeon (4/15)            Ossuary (visited)
 Temple: D:4-7

Altars:
Gozag

Shops:
D:2 :


Innate Abilities, Weirdness & Mutations

You are a hulking beast.
Your limbs bulge with bestial killing power. (Slay +3)
You are partially covered in slimy green scales. (AC +2)
You sometimes gain a little power by taking damage.
You regenerate magic rapidly.
You have a small tail.


Message History

You continue putting on your +0 ring mail. x5
You finish putting on your +0 ring mail.
You drop a +0 leather armour.
j - a wand of acid (9)
Found a stone staircase leading up.
Found 14 gold pieces.
Found 2 gold pieces.
You now have 226 gold pieces (gained 14).
An ogre comes into view. It is wielding a +0 giant spiked club.
The ogre shouts!
You see here 2 gold pieces.
You now have 228 gold pieces (gained 2).
You completely miss the ogre. The ogre closely misses you.
You hit the ogre. Your punch misses the ogre.
The ogre is lightly wounded.
The ogre closely misses you.
You closely miss the ogre.
The ogre is lightly wounded.
You hit the ogre.
The ogre is moderately wounded.
The ogre hits you with a +0 giant spiked club!!
You hit the ogre.
The ogre is heavily wounded.
The ogre hits you with a +0 giant spiked club!
* * * LOW HITPOINT WARNING * * *
You hit the ogre.
The ogre is heavily wounded.
You hit the ogre.
The ogre is heavily wounded.
The ogre barely misses you.
You hit the ogre.
The ogre is severely wounded.
The ogre barely misses you.
You hit the ogre.
The ogre is almost dead.
You hit the ogre.
The ogre is almost dead.
The ogre hits you with a +0 giant spiked club!!
Ouch! That really hurt!
You die...

####............
##.#...........###
###..##...<..#.....
#..........#.#.....
##.........##.....###.
#..............##.....
#.....................
#............O........
##...........h........
#.[.......##...#.....
####..#..........# ....
###.....#...#.##..........
#...........###...........
........#..........##.....
.......##..........# .#...
..............###... # ..
..#........... ..#. .


You could see an ogre.

Vanquished Creatures
  A water moccasin (D:5)
  An ice beast (D:5)
  A black bear (D:4)
  2 scorpions (D:5)
  3 centaur zombies (Ossuary)
  A hound (D:4)
  2 ogre zombies (Ossuary)
  A hound zombie (D:4)
  7 mummies (Ossuary)
  3 adders
  A gnoll (D:2)
  5 adder zombies
  A worm (D:2)
  A dart slug (D:2)
  An orc (D:3)
  5 ball pythons
  3 bats
  8 endoplasms
  A giant cockroach (D:2)
  6 hobgoblins
  3 jackals (D:2)
  3 quokkas
  4 frilled lizards
  5 goblins
  5 goblin zombies (Ossuary)
  6 hobgoblin zombies (Ossuary)
  6 kobolds
  3 kobold zombies (Ossuary)
  An orc zombie (Ossuary)
  4 quokka zombies (Ossuary)
  5 rats
  2 rat zombies (Ossuary)
101 creatures vanquished.

Notes
Turn   | Place    | Note
-------+----------+-------------------------------------------
     0 | D:1      | IdlyInterested the Demonspawn Shapeshifter began the quest
                  | for the Orb.
     0 | D:1      | Reached XP level 1. HP: 15/15 MP: 1/1
   399 | D:1      | Reached skill level 3 in Shapeshifting
   408 | D:1      | Gained mutation: You are partially covered in slimy green
                  | scales. (AC +2) [demonic ancestry]
   408 | D:1      | Reached XP level 2. HP: 20/21 MP: 2/2
  1015 | D:2      | Found Jagosuary's Book Emporium.
  1260 | D:2      | Reached XP level 3. HP: 23/26 MP: 3/3
  2026 | D:3      | Gained mutation: You regenerate magic rapidly. [demonic
                  | ancestry]
  2026 | D:3      | Reached XP level 4. HP: 32/32 MP: 4/4
  2470 | D:3      | Found an opulent altar of Gozag.
  2621 | D:4      | Reached skill level 4 in Shapeshifting
  2633 | D:4      | Found a sand-covered staircase.
  2647 | Ossuary  | Entered an ossuary
  2692 | Ossuary  | Gained mutation: You sometimes gain a little power by
                  | taking damage. [demonic ancestry]
  2692 | Ossuary  | Reached XP level 5. HP: 21/37 MP: 5/5
  2799 | Ossuary  | Reached skill level 1 in Invocations
  3162 | Ossuary  | Reached XP level 6. HP: 32/43 MP: 7/7
  3287 | Ossuary  | Reached skill level 5 in Shapeshifting
  3488 | D:4      | You fall into a shaft and drop 1 floor!
  3488 | D:5      | Entered Level 5 of the Dungeon
  3490 | D:5      | Noticed a water moccasin
  3504 | D:5      | Killed a water moccasin
  3505 | D:5      | Gained mutation: You have a small tail. [demonic ancestry]
  3505 | D:5      | Reached XP level 7. HP: 33/51 MP: 9/9
  3701 | D:5      | Reached skill level 6 in Shapeshifting
  3751 | D:5      | Demolished by an ogre

Illustrated notes

Levels and vault maps discovered:
D:1:      dpeg_arrival_pond, layout_loops_cross
D:2:      layout_basic, serial_shops, shop, kennysheep_generic_room_16
D:3:      layout_loops_ring, grunt_temple_overflow_gold_and_silver,
          nicolae_titane
D:4:      layout_basic, mainiacjoe_ossuary_entry_find_the_door, dk_vineyard_3,
          kennysheep_generic_room_10
D:5:      layout_cave_pools

Skill      XL: |  1  2  3  4  5  6  7 |
---------------+----------------------+-----
Shapeshifting  | 3 4 5 6 |  6.0
Unarmed Combat | 3 |  3.0
Dodging        | 2 3 |  3.0
Invocations    | 2 3 4 |  4.3
Fighting       | 2 3 |  3.0
Throwing       | |  0.5

Action                     |  1- 3 |  4- 6 |  7- 9 || total
---------------------------+-------+-------+-------++-------
  Melee: Unarmed           |   109 |   267 |    35 ||   411
         Punch             |     2 |     7 |     2 ||    11
         Tailslap          |       |       |     6 ||     6
  Throw: Stone             |     4 |    10 |       ||    14
    Use: Scroll            |     4 |     5 |       ||     9
         Potion            |       |     3 |       ||     3
   Stab: Sleeping          |     2 |     2 |       ||     4
 Armour: Animal skin       |    36 |       |       ||    36
         Leather armour    |     4 |   130 |    10 ||   144
         Ring mail         |       |       |     3 ||     3
  Dodge: Dodged            |    50 |   139 |    20 ||   209

Table legend: (Time is in decaauts)
 A = Elapsed time spent in this place.
 B = Non-inter-level travel time spent in this place.
 C = Inter-level travel time spent in this place.
 D = Time resting spent in this place.
 E = Time spent auto-exploring this place.
 F = Levels seen in this place.
 G = Mean time per level.
                   A        B        C        D        E       F      G
               +--------+--------+--------+--------+--------+-----+--------+
         Total |   3729 |   3601 |    128 |    380 |   2004 |   6 |  621.5 |
       Dungeon |   2983 |   2855 |    128 |    155 |   2004 |   5 |  596.6 |
       Ossuary |    746 |    746 |      0 |    225 |      0 |   1 |  746.0 |
               +--------+--------+--------+--------+--------+-----+--------+

Top non-repeatable levels by time:
     D:2: 1088 daAuts
     D:3: 792 daAuts
 Ossuary: 746 daAuts
     D:1: 722 daAuts
     D:5: 260 daAuts
     D:4: 118 daAuts
